[Event "Kwalificatie NJK A Groningen"]
[Site "Hoogkerk, Netherlands"]
[Date "2023.02.18"]
[Round "1.1"]
[White "Slagboom, Leandro"]
[Black "Bon, Gijs"]
[Result "1-0"]
[TimeControl "55 min. + 10 sec./zet"]
[WhiteElo "2201"]
[BlackElo "1669"]

1. e4 c6 2. d4 d5 3. f3 dxe4 4. fxe4 e5 5. Nf3 Bg4 6. c3 Nf6 7. Bd3 Nbd7 8. O-O Be7 9. Nbd2 Qc7 10.
Qe1 O-O 11. Qg3 Bd6 12. Nc4 Bxf3 13. Rxf3 b5 14. Nxd6 Qxd6 15. Bg5 Qe6 16. Raf1 Kh8 17. Qh4 Ng8 18. d5 Qg6 19. Rg3 f6 20.
Be3 Qf7 21. dxc6 Nb6 22. b3 Rac8 23. Bxb5 a6 24. Bxa6 Rxc6 25. Bb5 Re6 26. a4 Qc7 27. a5 Nd7 28. Qg4 Re7 29. b4 Rb8 30.
c4 Nf8 31. Bc5 Rf7 32. a6 Nd7 33. Bxd7 Rxd7 34. a7 Ra8 35. Ra1 Nh6 36. Qe6 Nf7 37. Bb6 Rd6 38. Bxc7 Rxe6 39. b5 Nd6 40.
Rd3 Nb7 41. c5 1-0

[Event "Kwalificatie NJK A Groningen"]
[Site "Hoogkerk, Netherlands"]
[Date "2023.02.18"]
[Round "1.2"]
[White "Jacobs, Yanick"]
[Black "Van Kuijk, Vadim"]
[Result "0-1"]
[TimeControl "55 min. + 10 sec./zet"]
[WhiteElo "1652"]
[BlackElo "2023"]

1. d4 d5 2. c4 c6 3. Nf3 Nf6 4. Qc2 e6 5. Bg5 Be7 6. e3 dxc4 7. Bxc4 b5 8. Bd3 Bb7 9. O-O Nbd7 10.
Nbd2 a6 11. Rac1 Rc8 12. Qb1 c5 13. dxc5 Nxc5 14. Be2 O-O 15. Rfd1 Nd5 16. Bxe7 Qxe7 17. Nf1 Qf6 18. Ng3 Qg6 19.
Qxg6 hxg6 20. b3 b4 21. h3 Nc3 22. Rd2 Rfd8 23. Rd4 a5 24. Kf1 Nxe2 25. Kxe2 Ba6+ 26. Kd2 f6 27. h4 e5 28.
Rxd8+ Rxd8+ 29. Kc2 a4 30. Nd2 Nd3 31. Rf1 Rc8+ 32. Nc4 axb3+ 33. axb3 Nc5 34. Rd1 Bxc4 35. bxc4 Ra8 36. Rb1 Ra2+ 37. Rb2 b3+ 38. Kc3 Na4+ 39. Kxb3 Rxb2+ 40. Kxa4 Kf7 41.
Ne4 Ke6 42. g4 f5 43. gxf5+ gxf5 44. Nc5+ Kd6 45. Nd3 Rd2 46.
Nb4 Kc5 0-1

[Event "Kwalificatie NJK A Groningen"]
[Site "Hoogkerk, Netherlands"]
[Date "2023.02.18"]
[Round "1.3"]
[White "Smid, Jelle"]
[Black "Pijls, Coun"]
[Result "1-0"]
[TimeControl "55 min. + 10 sec./zet"]
[WhiteElo "1920"]
[BlackElo "1651"]

1. g3 Nf6 2. Bg2 d5 3. d3 c5 4. e4 dxe4 5. dxe4 Qxd1+ 6. Kxd1 Nc6 7. c3 Be6 8. Kc2 O-O-O 9. b3 Ng4 10.
Nh3 f5 11. Nf4 Bf7 12. f3 e5 13.
fxg4 exf4 14. gxf5 fxg3 15. hxg3 Be7 16. Bf4 Bf6 17. Nd2 Rhe8 18. Rae1 c4 19. Nf3 Bxc3 20. Kxc3 Rd3+ 21. Kb2 c3+ 22.
Kc1 Nb4 23. a3 Na2+ 24. Kc2 Red8 25. Ra1 1-0

[Event "Kwalificatie NJK A Groningen"]
[Site "Hoogkerk, Netherlands"]
[Date "2023.02.18"]
[Round "1.4"]
[White "De Vries, Arjan"]
[Black "Staal, Ryan"]
[Result "1-0"]
[TimeControl "55 min. + 10 sec./zet"]
[WhiteElo "1645"]
[BlackElo "1911"]

1. e4 e5 2. Nf3 Nc6 3. Bc4 Bc5 4. c3 Nf6 5. d4 exd4 6. cxd4 Bb4+ 7. Bd2 Bxd2+ 8. Nbxd2 d6 9. O-O Bg4 10.
Qb3 O-O 11. Qxb7 Na5 12. Qa6 Bxf3 13. Nxf3 Nxc4 14. Qxc4 Nxe4 15. Rac1 Rc8 16. Qa6 Rb8 17. b3 Nf6 18. Qxa7 Ra8 19.
Qxc7 Qxc7 20. Rxc7 Rxa2 21. Rb1 Rb8 22. h3 h6 23. Rc6 Ne4 24. b4 Rxf2 25. b5 Re2 26. b6 Nf6 27. Rxd6 Re7 28. Kh2 Ne4 29. Rc6 Nf6 30. Ne5 Reb7 31. Nc4 Nd5 32.
Rc5 Nc3 33. Rb3 Ne4 34. Rc7 Nf6 35. Rxb7 Rxb7 36. Na5 Rb8 37. b7 1-0

[Event "Kwalificatie NJK A Groningen"]
[Site "Hoogkerk, Netherlands"]
[Date "2023.02.18"]
[Round "1.5"]
[White "Goudriaan, Rafael"]
[Black "Lee, Jungbin"]
[Result "1-0"]
[TimeControl "55 min. + 10 sec./zet"]
[WhiteElo "1882"]
[BlackElo "1640"]

1. e4 c6 2. d4 d5 3. e5 Bf5 4.
Nd2 e6 5. Nb3 Nd7 6. Be2 Qc7 7. Nf3 Ne7 8. O-O c5 9. c3 Nc6 10. Ne1 Be7 11. Be3 c4 12. Nd2 O-O 13. f4 b5 14.
g4 Be4 15. Nxe4 dxe4 16. Qc2 Nb6 17. Qxe4 a5 18. f5 b4 19. f6 Bd8 20. Rf3 g6 21. Qf4 1-0

[Event "Kwalificatie NJK A Groningen"]
[Site "Hoogkerk, Netherlands"]
[Date "2023.02.18"]
[Round "1.6"]
[White "Lankester, Felix"]
[Black "Wierenga, JaÃ«l"]
[Result "0-1"]
[TimeControl "55 min. + 10 sec./zet"]
[WhiteElo "1600"]
[BlackElo "1879"]

1. Nf3 d5 2. d4 c5 3. c3 Nc6 4.
e3 e6 5. Nbd2 Nf6 6. Bd3 Bd6 7. e4 cxd4 8. cxd4 dxe4 9. Bxe4 O-O 10. O-O Qb6 11. Nc4 Qc7 12. Nxd6 Qxd6 13. Re1 Rd8 14. Bxc6 bxc6 15. Bg5 Bb7 16. Qa4 Rd7 17. Rac1 Nd5 18. Ne5 Rc7 19. Bd2 Nb6 20. Qb4 Rd8 21. Qxd6 Rxd6 22. Nf3 Nd5 23. Ba5 Rc8 24. Rc5 Nf4 25. Re3 Rd5 26. Bb4 Rcd8 27. g3 Ng6 28. Ra3 a6 29. Rb3 f6 30. Ba5 R8d7 31. Rxd5 exd5 32.
Ne1 Nf8 33. Nd3 Ne6 34. Bb6 Re7 35. Kf1 Kf7 36. f4 Bc8 37. Rc3 Bb7 38. Kf2 Re8 39. h4 h5 40. Rb3 Bc8 41. Rc3 Bb7 42.
Rb3 Kg6 43. Kf3 Kf5 44. Ba7 Re7 45. Bb6 Re8 46. Ba7 Re7 47. Bb6 Bc8 48. Rc3 Bb7 49. a4 g5 50. hxg5 fxg5 51. Rc1 gxf4 52. gxf4 a5 53. Re1 Ba6 54.
Nf2 Nxd4+ 55. Bxd4 Rxe1 56. Bb6 h4 57. Bxa5 Ra1 58. Bd8 Rxa4 0-1

[Event "Kwalificatie NJK A Groningen"]
[Site "Hoogkerk, Netherlands"]
[Date "2023.02.18"]
[Round "1.7"]
[White "Alvares, Thomas"]
[Black "Bos, Eric"]
[Result "1-0"]
[TimeControl "55 min. + 10 sec./zet"]
[WhiteElo "1855"]
[BlackElo "1596"]

1. e4 c5 2. Nf3 d6 3. d4 cxd4 4. Nxd4 Nf6 5. Nc3 a6 6. Bg5 e6 7. f4 b5 8. e5 dxe5 9. fxe5 Qc7 10.
exf6 Qe5+ 11. Be2 Qxg5 12. O-O Bc5 13. Kh1 Qe5 14. fxg7 Qxg7 15. Bf3 Ra7 16. Nde2 Rd7 17. Qe1 Bb7 18.
Bxb7 Rxb7 19. Ng3 Rg8 20. Qe4 Re7 21. Nh5 Qh6 22. Nf6+ Kf8 23. Nxg8 Kxg8 24. Rad1 1-0

[Event "Kwalificatie NJK A Groningen"]
[Site "Hoogkerk, Netherlands"]
[Date "2023.02.18"]
[Round "1.8"]
[White "Jovanovic, Luka"]
[Black "Den Heijer, Rolinde"]
[Result "0-1"]
[TimeControl "55 min. + 10 sec./zet"]
[WhiteElo "1593"]
[BlackElo "1831"]

1. d4 d5 2. c4 e6 3. Nc3 c5 4. cxd5 exd5 5. e3 Nf6 6. Nf3 Nc6 7. Be2 c4 8. O-O Bb4 9. a3 Bxc3 10.
bxc3 Ne4 11. Bd2 O-O 12. Qc1 Bf5 13. Bd1 Na5 14. h3 Rc8 15. Qb2 Rc6 16. Rb1 Nxd2 17. Nxd2 Rb6 18. Qc1 Bxb1 19.
Nxb1 Qg5 20. Bf3 Nb3 21. Qc2 Rd8 22. e4 dxe4 23. Qxe4 h6 24. Rd1 Na5 25. d5 Rf6 26. a4 Rf4 27.
Qe2 Nb3 28. Na3 Nc5 29. Nxc4 Nxa4 30. Qd3 b5 31. Nd2 Nb2 32. Qxb5 Nxd1 33. Bxd1 Qxd5 0-1

[Event "Kwalificatie NJK A Groningen"]
[Site "Hoogkerk, Netherlands"]
[Date "2023.02.18"]
[Round "1.9"]
[White "Knol, DaniÃ«l"]
[Black "Visser, Berend"]
[Result "1-0"]
[TimeControl "55 min. + 10 sec./zet"]
[WhiteElo "1807"]
[BlackElo "1525"]

1. e4 c5 2. c3 Nf6 3. e5 Nd5 4. Nf3 Nc6 5. d4 cxd4 6. cxd4 g6 7. Bc4 Nb6 8. Bb3 Bg7 9. O-O O-O 10. Qe2 e6 11. Nc3 d6 12. Rd1 a6 13. Ne4 dxe5 14. dxe5 Qe7 15. Bg5 Qc7 16. Nf6+ Kh8 17. Qe4 Nd7 18. Qh4 h5 19. Nxd7 Bxd7 20. Bf6 Bxf6 21. exf6 e5 22. Qg5 Kh7 23. Bc2 Bg4 24. h3 Bxf3 25. gxf3 Rh8 26. Qxh5+ Kg8 27. Qg4 Qc8 28. Rd7 Rh6 29. Bb3 Rh7 30. Qxg6+ Kh8 31. Rxf7 Qxh3 32. Rxh7+ Qxh7 33.
Qxh7+ Kxh7 34. Rd1 Nd4 35. Bd5 Rb8 36. Re1 Kg6 37. f7 Kf6 38. f4 exf4 39. Re8 Ne2+ 40. Kh2 1-0

[Event "Kwalificatie NJK A Groningen"]
[Site "Hoogkerk, Netherlands"]
[Date "2023.02.18"]
[Round "1.10"]
[White "Veldhuyzen, Ywein"]
[Black "Aarts, Joaquin"]
[Result "0-1"]
[TimeControl "55 min. + 10 sec./zet"]
[WhiteElo "1437"]
[BlackElo "1804"]

1. d4 Nf6 2. c4 e6 3. Nf3 d5 4. Nc3 dxc4 5. Bg5 a6 6. e4 b5 7. e5 h6 8. Bxf6 gxf6 9. g3 Bb7 10.
Bg2 c5 11. exf6 cxd4 12. Ne2 e5 13. O-O Qxf6 14. Nc1 Nd7 15. Re1 O-O-O 16. a3 Bc5 17. b4 Bb6 18. a4 e4 19. Nh4 d3 20.
Ra2 Rhe8 21. axb5 axb5 22. Qh5 Re5 23. Qg4 e3 0-1

[Event "Kwalificatie NJK A Groningen"]
[Site "Hoogkerk, Netherlands"]
[Date "2023.02.18"]
[Round "2.1"]
[White "Aarts, Joaquin"]
[Black "Slagboom, Leandro"]
[Result "0-1"]
[TimeControl "55 min. + 10 sec./zet"]
[WhiteElo "1804"]
[BlackElo "2201"]

1. d4 d5 2. c4 e6 3. Nc3 Nf6 4. cxd5 exd5 5. Bg5 c6 6. e3 Be6 7. Bd3 Nbd7 8. Nge2 h6 9. Bh4 g5 10.
Bg3 Nh5 11. Qc2 Nxg3 12. Nxg3 h5 13. Nf5 Qf6 14. a4 a5 15. Ne2 Bb4+ 16. Kf1 h4 17. f4 O-O-O 18. Kf2 gxf4 19. Nxf4 Kb8 20.
g3 c5 21. dxc5 Bxc5 22. Raf1 Rc8 23. Qb1 Ne5 24. Ke2 Nxd3 25. Nxd3 Bxf5 26. Nxc5 Bg4+ 27. Kd2 Qd6 28. Rf4 f5 29.
Nd3 hxg3 30. hxg3 Rhe8 31. Nf2 Rc4 32. Nxg4 fxg4 33. Qd3 Qe5 34. Rxc4 dxc4 35. Qd4 Qxg3 36. Rh8 Qf2+ 37. Kc3 Qe1+ 38.
Kxc4 Qb4+ 0-1

[Event "Kwalificatie NJK A Groningen"]
[Site "Hoogkerk, Netherlands"]
[Date "2023.02.18"]
[Round "2.2"]
[White "Van Kuijk, Vadim"]
[Black "Nitrauw, Peter"]
[Result "1-0"]
[TimeControl "55 min. + 10 sec./zet"]
[WhiteElo "2023"]
[BlackElo "1763"]

1. e4 e5 2. Nf3 Nc6 3. d4 exd4 4. Nxd4 Nf6 5. Nxc6 bxc6 6. e5 Nd5 7. c4 Nb6 8. b3 Bc5 9. Bb2 O-O 10.
Bd3 Re8 11. O-O Bf8 12. Nd2 d6 13. exd6 cxd6 14. Qf3 Qc7 15. Ne4 f6 16. Rae1 Nd7 17. Ng5 Ne5 18. Bxh7+ Kh8 19. Bxe5 Rxe5 20.
Rxe5 dxe5 21. Bg6 Bb4 22. Qh5+ Kg8 23. Qh7+ Kf8 24. Qh8+ Ke7 25. Qe8+ Kd6 26. Ne4# Kd5 1-0

[Event "Kwalificatie NJK A Groningen"]
[Site "Hoogkerk, Netherlands"]
[Date "2023.02.18"]
[Round "2.3"]
[White "Adams, Oscar"]
[Black "Smid, Jelle"]
[Result "1-0"]
[TimeControl "55 min. + 10 sec./zet"]
[WhiteElo "1729"]
[BlackElo "1920"]

1. f4 g6 2. Nf3 Bg7 3. c4 d6 4. g3 e5 5. d3 Nc6 6. Nc3 Nge7 7. Bg2 O-O 8. O-O f5 9. Rb1 h6 10.
Nd5 Be6 11. e4 fxe4 12. dxe4 Bg4 13. Be3 Nd4 14. Bxd4 exd4 15. Qd3 Bxf3 16. Rxf3 c6 17. Nxe7+ Qxe7 18. Re1 Rae8 19. e5 dxe5 20.
fxe5 Rxf3 21. Bxf3 Qg5 22. e6 Be5 23. Rxe5 1-0

[Event "Kwalificatie NJK A Groningen"]
[Site "Hoogkerk, Netherlands"]
[Date "2023.02.18"]
[Round "2.4"]
[White "Van Den Berg, Mees"]
[Black "Goudriaan, Rafael"]
[Result "1-0"]
[TimeControl "55 min. + 10 sec./zet"]
[WhiteElo "1702"]
[BlackElo "1882"]

1. Nf3 Nc6 2. d4 d5 3. c4 e6 4. Nc3 Nf6 5. Bg5 Be7 6. e3 O-O 7. a3 dxc4 8. Bxc4 Na5 9. Bd3 b6 10.
b4 Nb7 11. Ne5 Bd7 12. Qf3 Nd6 13. Rc1 a5 14. b5 a4 15. e4 Ra5 16. Bxf6 Bxf6 17. Nxd7 Qxd7 18. e5 Bg5 19. Rd1 Nf5 20. d5 g6 21. h4 Be7 22.
h5 Bxa3 23. hxg6 fxg6 24. Ne4 Be7 25. Qh3 Rf7 26. Bc4 Rg7 27. dxe6 Bb4+ 28. Ke2 Nd4+ 29. Kf1 Qe7 30. Rxd4 Ra8 31.
Nf6+ Kh8 32. Rd7 Qc5 33. Qxh7+ 1-0

[Event "Kwalificatie NJK A Groningen"]
[Site "Hoogkerk, Netherlands"]
[Date "2023.02.18"]
[Round "2.5"]
[White "Wierenga, JaÃ«l"]
[Black "Venema, Katja"]
[Result "1/2-1/2"]
[TimeControl "55 min. + 10 sec./zet"]
[WhiteElo "1879"]
[BlackElo "1683"]

1. d4 d5 2. Bf4 Nf6 3. e3 g6 4. Nf3 Bg7 5. Ne5 Nh5 6. Bg3 Nxg3 7. hxg3 c5 8. Bb5+ Bd7 9. Nxd7 Nxd7 10.
Nc3 a6 11. Bxd7+ Qxd7 12. dxc5 e6 13. Qd2 a5 14. O-O-O Qc6 15. e4 d4 16. Ne2 Qxc5 17. Nxd4 O-O-O 18. Qc3 Qxc3 19. bxc3 h5 20.
Nb5 Rd7 21. Rxd7 Kxd7 22. f4 Rc8 23.
Rd1+ Ke7 24. Rd3 Rc5 25. Nd4 b6 26. Kb2 e5 27. Ne2 Rc4 28. Re3 Bh6 29. Kb3 b5 30. a3 h4 31. gxh4 exf4 32.
Rf3 Rxe4 33. Nd4 Bg7 34. Nxb5 a4+ 35. Kb2 Bf6 36. Rh3 Re3 37. Rh1 Rg3 38. Rf1 Rg4 39. Nc7 Be5 40. Nd5+ 1/2-1/2

[Event "Kwalificatie NJK A Groningen"]
[Site "Hoogkerk, Netherlands"]
[Date "2023.02.18"]
[Round "2.6"]
[White "Moskalets, Sofia"]
[Black "Alvares, Thomas"]
[Result "1-0"]
[TimeControl "55 min. + 10 sec./zet"]
[WhiteElo "1675"]
[BlackElo "1855"]

1. d4 Nf6 2. Nc3 d5 3. Bf4 c5 4. e3 cxd4 5. exd4 a6 6. Nf3 Bf5 7. Bd3 Bxd3 8. Qxd3 Nc6 9. O-O g6 10.
Rfe1 Bg7 11. h3 O-O 12. Ne5 Rc8 13. Rad1 e6 14. a3 Na5 15. Na4 Nc4 16. Nxc4 dxc4 17. Qd2 Re8 18. Nc5 Qd5 19.
Be5 Qc6 20. c3 Red8 21. Qf4 Nd5 22. Qf3 f6 23. Bg3 e5 24. Bh4 b5 25. Ne4 Nf4 26. dxe5 fxe5 27. Rxd8+ Rxd8 28. Bxd8 Qd7 29.
Nf6+ Bxf6 30. Bxf6 Nd3 31. Re2 Qd6 32. Bg5 Kg7 33. Rd2 Qe6 34. Qb7+ Kg8 35. Qe7 Qxe7 36. Bxe7 Kf7 37. Bg5 Ke6 38. Kf1 Kf5 39. Be3 Ke4 40.
Ke2 Nc1+ 41. Kd1 Nd3 42. Bb6 h6 43. b3 cxb3 44. f3+ Kd5 1-0

[Event "Kwalificatie NJK A Groningen"]
[Site "Hoogkerk, Netherlands"]
[Date "2023.02.18"]
[Round "2.7"]
[White "Den Heijer, Rolinde"]
[Black "De Vries, Arjan"]
[Result "0-1"]
[TimeControl "55 min. + 10 sec./zet"]
[WhiteElo "1831"]
[BlackElo "1645"]

1. e4 e5 2. Nf3 Nf6 3. Nxe5 d6 4. Nf3 Nxe4 5. d4 d5 6. Bd3 c5 7. dxc5 Nxc5 8. Bb5+ Nc6 9. O-O Be7 10.
Ne5 Qb6 11. Qxd5 O-O 12. Nxc6 bxc6 13. Qxc6 Qa5 14. Bc4 Bb7 15. Qb5 Qc7 16. Qb4 Ne6 17. Qc3 Bf6 18. Qb3 Nd4 19. Qa4 Bc6 20.
Qa6 Nxc2 21. Bd3 Nxa1 22. Nc3 Bb7 23. Qa4 Bxc3 24. Qh4 g6 25. bxc3 Qxc3 26. Bh6 Rfd8 27. Be2 Nc2 28. Rc1 Rac8 29.
h3 Qd4 30. Qg3 Re8 31. Bg4 Rc3 32. Bf3 Bxf3 33. gxf3 Ne1 34. Rxe1 Rxe1+ 35. Kg2 Re8 0-1

[Event "Kwalificatie NJK A Groningen"]
[Site "Hoogkerk, Netherlands"]
[Date "2023.02.18"]
[Round "2.9"]
[White "Staal, Ryan"]
[Black "Van Lieshout, Tobias"]
[Result "1-0"]
[TimeControl "55 min. + 10 sec./zet"]
[WhiteElo "1911"]
[BlackElo "1128"]

1. e4 e5 2. Nf3 Nc6 3. Bc4 Bc5 4. c3 a6 5. d4 exd4 6. cxd4 Bb4+ 7. Nc3 d6 8. O-O Nf6 9. Bg5 h6 10.
Bh4 g5 11. Bg3 Bg4 12. Be2 Qd7 13. e5 Ng8 14. exd6 cxd6 15. Nd5 Ba5 16. a3 Qe6 17. Bc4 Qg6 18. b4 Bd8 19. Re1+ Nge7 20.
h3 Bxf3 21. Qxf3 Nxd4 22. Qc3 Qg7 23. Nxe7 Bxe7 24. Qe3 f5 25. Bxd6 O-O-O 26. Be6+ Nxe6 27. Qxe6+ Rd7 28. Rac1+ Kd8 29.
Bxe7+ Rxe7 30. Rc8# 1-0

[Event "Kwalificatie NJK A Groningen"]
[Site "Hoogkerk, Netherlands"]
[Date "2023.02.18"]
[Round "2.10"]
[White "Bos, Eric"]
[Black "Van Den Berg, Leon"]
[Result "1-0"]
[TimeControl "55 min. + 10 sec./zet"]
[WhiteElo "1596"]
[BlackElo "1766"]

1. e4 e5 2. Nf3 Nc6 3. Bb5 Bc5 4. O-O Nge7 5. c3 O-O 6. d4 Bd6 7. Nbd2 a6 8. Bxc6 Nxc6 9. d5 Ne7 10.
Nc4 Bc5 11. Ncxe5 d6 12. Nd3 Bb6 13. h3 h6 14. Re1 f5 15. exf5 Bxf5 16. c4 Ng6 17. Be3 Be4 18. Nd4 Qf6 19.
Ne6 Bxe3 20. Nxf8 Bxd3 21. Rxe3 Rxf8 22. Qxd3 Qxf2+ 23. Kh1 Nf4 24. Qe4 Nh5 25. Kh2 Nf6 26. Qe6+ Kh8 27. Re2 Qf4+ 28.
Kh1 Re8 29. Qxe8+ Nxe8 30. Rxe8+ Kh7 31. b3 b5 32. cxb5 axb5 33. a4 Qd4 34. Ra3 Qd1+ 35. Kh2 Qc1 36. Ra2 Qf4+ 37. g3 Qf7 38.
Ree2 Qxd5 39. a5 Qa8 40. a6 c5 41. a7 d5 42. Re8 Qxe8 43. a8=Q Qe6 44. Qa6 Qd7 45. Qb6 c4 46. bxc4 dxc4 47.
Qc5 Qe8 48. Qf5+ Kg8 49. Qd5+ Kh7 50. Rb2 c3 51. Qd3+ 1-0

[Event "Kwalificatie NJK A Groningen"]
[Site "Hoogkerk, Netherlands"]
[Date "2023.02.18"]
[Round "2.11"]
[White "Pijls, Coun"]
[Black "Visser, Yoram"]
[Result "1-0"]
[TimeControl "55 min. + 10 sec./zet"]
[WhiteElo "1651"]
[BlackElo "891"]

1. d4 Nf6 2. c4 g6 3.
Nc3 Bg7 4. e4 d6 5. Nge2 O-O 6.
Ng3 Nbd7 7. Be3 c6 8. Be2 Re8 9. Qd2 e5 10. d5 c5 11. h4 Nb6 12. h5 Bg4 13. f3 Bxh5 14. Bg5 Nbd7 15.
Nxh5 gxh5 16. Nb5 Qc8 17. Nxd6 Qc7 18. Nf5 Qb6 19. Bh6 Nxe4 20. fxe4 Bxh6 21. Qxh6 Qxh6 22. Nxh6+ Kg7 23. Nf5+ Kg8 24.
Bxh5 Nf6 25. Bf3 Rab8 26. O-O-O b5 27. Nd6 Red8 28. Nxb5 1-0

[Event "Kwalificatie NJK A Groningen"]
[Site "Hoogkerk, Netherlands"]
[Date "2023.02.18"]
[Round "3.1"]
[White "Slagboom, Leandro"]
[Black "Adams, Oscar"]
[Result "1-0"]
[TimeControl "55 min. + 10 sec./zet"]
[WhiteElo "2201"]
[BlackElo "1729"]

1. e4 c5 2. Nf3 Nc6 3. d4 cxd4 4. Nxd4 Nf6 5. Nc3 d6 6. Bg5 Nd7 7. Bb5 Nxd4 8. Qxd4 a6 9. Bxd7+ Bxd7 10.
O-O-O Rc8 11. Nd5 Qa5 12. Bxe7 Bxe7 13. Qxg7 Rf8 14. e5 Bf5 15. Ne3 Bg6 16. exd6 Bg5 17. d7+ Ke7 18.
dxc8=N+ Rxc8 19. Kb1 Bf6 20. Nd5+ Qxd5 21. Rhe1+ Qe4 22. Qxg6 1-0

[Event "Kwalificatie NJK A Groningen"]
[Site "Hoogkerk, Netherlands"]
[Date "2023.02.18"]
[Round "3.2"]
[White "De Vries, Arjan"]
[Black "Van Kuijk, Vadim"]
[Result "0-1"]
[TimeControl "55 min. + 10 sec./zet"]
[WhiteElo "1645"]
[BlackElo "2023"]

1. e4 c6 2. Bd3 d5 3. e5 c5 4.
c3 Nc6 5. f4 Nh6 6. Nf3 Bf5 7. Bxf5 Nxf5 8. d4 e6 9. a4 cxd4 10. cxd4 Qb6 11. O-O Ncxd4 12. Kh1 Nb3 13. a5 Qb4 14.
Bd2 Nxd2 15. Nbxd2 Ne3 16. Ra4 Nxd1 17. Rxb4 Bxb4 18. Rxd1 O-O 19. Nb3 Rac8 20. f5 exf5 21. Rxd5 Rfd8 22.
Rb5 Rd1+ 23. Ng1 Be1 24. Rxb7 Bf2 25. h3 f4 26. g4 f3 27. Nd2 Rxg1+ 28. Kh2 Rg2+ 0-1

[Event "Kwalificatie NJK A Groningen"]
[Site "Hoogkerk, Netherlands"]
[Date "2023.02.18"]
[Round "3.3"]
[White "Knol, DaniÃ«l"]
[Black "Van Den Berg, Mees"]
[Result "1-0"]
[TimeControl "55 min. + 10 sec./zet"]
[WhiteElo "1807"]
[BlackElo "1702"]

1. e4 e5 2. Nf3 Nc6 3. Bc4 Bc5 4. c3 Nf6 5. d3 d6 6. a4 a5 7. O-O O-O 8. Re1 Be6 9. Nbd2 Bxc4 10.
Nxc4 Qb8 11. Be3 Qa7 12. Bxc5 Qxc5 13. Qb3 Rfe8 14. Rad1 Qa7 15. Ne3 h6 16. Nd5 Nxd5 17. exd5 Ne7 18.
d4 exd4 19. Rxd4 Ng6 20. Rde4 Rxe4 21. Rxe4 Kf8 22. Qb5 Rd8 23. h4 Ne7 24. Nd4 Qc5 25. Qxb7 Re8 26. c4 Ng6 27. Rxe8+ Kxe8 28.
Qc8+ Ke7 29. Nc6+ Kf6 30. Qd8+ Kf5 31.
Qd7+ Kf6 32. g4 Nxh4 33. Qe7+ Kg6 34. Qxh4 Qxc4 35. Qh5+ Kh7 36. Qf5+ Kh8 37. Qc8+ Kh7 38. Ne7 h5 39.
Qf5+ g6 40. Qxf7+ 1-0

[Event "Kwalificatie NJK A Groningen"]
[Site "Hoogkerk, Netherlands"]
[Date "2023.02.18"]
[Round "3.4"]
[White "Venema, Katja"]
[Black "Moskalets, Sofia"]
[Result "0-1"]
[TimeControl "55 min. + 10 sec./zet"]
[WhiteElo "1683"]
[BlackElo "1675"]

1. d4 Nf6 2. c4 g6 3. Nc3 Bg7 4. e4 O-O 5. Be2 d6 6. Bg5 c6 7. Qd2 Qc7 8. h4 e5 9. d5 Nbd7 10.
h5 cxd5 11. cxd5 Nc5 12. Rc1 Qd7 13.
Rh4 a5 14. hxg6 fxg6 15. Bh6 Bxh6 16.
Qxh6 Qg7 17. Qg5 Bd7 18. f3 Nh5 19. Nh3 Bxh3 20. Rxh3 Nf4 21. Rh2 Ncd3+ 22. Bxd3 Nxd3+ 23. Ke2 Nxc1+ 24. Qxc1 a4 25. Nb5 Qd7 26. Nc3 b5 27. a3 Qc7 28. Qh6 Rf7 29. Kd2 Qc4 30. Rh1 b4 31. axb4 Qxb4 32. Rb1 Qd4+ 33.
Ke2 a3 34. Qd2 a2 35. Ra1 Qc4+ 36. Qd3 Qb3 37. Qd2 Rb7 38.
Nd1 Rc8 39. Nc3 Qxb2 40. Rxa2 Qxc3 41. Qg5 Qc4+ 42. Kd3 0-1

[Event "Kwalificatie NJK A Groningen"]
[Site "Hoogkerk, Netherlands"]
[Date "2023.02.18"]
[Round "3.5"]
[White "Smid, Jelle"]
[Black "Wierenga, JaÃ«l"]
[Result "0-1"]
[TimeControl "55 min. + 10 sec./zet"]
[WhiteElo "1920"]
[BlackElo "1879"]

1. c4 e6 2. Nf3 d5 3. e3 a6 4. b3 Nf6 5. Bb2 Bd6 6. Nc3 O-O 7. d4 b6 8. Bd3 Bb7 9. O-O Nbd7 10.
Qc2 c5 11. cxd5 exd5 12. Bf5 Re8 13. Rfd1 g6 14. Bh3 Qc7 15. dxc5 bxc5 16. Bxd7 Qxd7 17. Na4 Qe6 18. Qc3 d4 19.
exd4 cxd4 20. Nxd4 Qg4 21. Nc6 Be5 22. Qc5 Bxc6 23. Qxc6 Bxh2+ 24. Kxh2 Qh4+ 25. Kg1 Ng4 26. g3 Qh2+ 27.
Kf1 Qxf2# 0-1

[Event "Kwalificatie NJK A Groningen"]
[Site "Hoogkerk, Netherlands"]
[Date "2023.02.18"]
[Round "3.6"]
[White "Lankester, Felix"]
[Black "Staal, Ryan"]
[Result "1/2-1/2"]
[TimeControl "55 min. + 10 sec./zet"]
[WhiteElo "1600"]
[BlackElo "1911"]

1. Nf3 d5 2. d4 Bf5 3. c4 e6 4. Nc3 Nf6 5. Bg5 Nc6 6.
e3 h6 7.
Bh4 Be7 8. cxd5 Nxd5 9. Nxd5 exd5 10. Bxe7 Qxe7 11. Be2 O-O 12. O-O Qf6 13. Bd3 Bg4 14. Be2 Rac8 15. h3 Bh5 16. Qb3 Qd6 17.
Rac1 Rb8 18. Rfe1 Rfe8 19. Qc3 f5 20. Qd2 Rf8 21. Nh2 Bxe2 22. Rxe2 Rbe8 23. f4 Rf7 24. Nf3 a6 25. a3 Qg6 26.
Qe1 Rfe7 27. Rc5 Qd6 28. b4 Kh7 29. Qd2 Nd8 30. Kf2 Ne6 31. Rc2 Nxf4 32. Re1 Ng6 33. Qd3 f4 34. Rce2 Kg8 35.
e4 dxe4 36. Rxe4 Rxe4 37. Rxe4 Rxe4 38. Qxe4 c6 39. Nd2 Qf6 40. Nc4 Qh4+ 41. Kf1 Qg3 42. Na5 Nh4 43. Qe8+ Kh7 44. Qe4+ 1/2-1/2

[Event "Kwalificatie NJK A Groningen"]
[Site "Hoogkerk, Netherlands"]
[Date "2023.02.18"]
[Round "3.7"]
[White "Nitrauw, Peter"]
[Black "Bos, Eric"]
[Result "1-0"]
[TimeControl "55 min. + 10 sec./zet"]
[WhiteElo "1763"]
[BlackElo "1596"]

1. d4 Nf6 2. Bf4 d5 3. Nf3 Bf5 4.
e3 e6 5.
Nbd2 Bd6 6. Bg3 O-O 7. Nh4 Bg4 8. Be2 Bxe2 9. Qxe2 Nbd7 10. c3 g6 11. Nhf3 Re8 12. O-O e5 13. dxe5 Nxe5 14.
Nxe5 Bxe5 15. Bxe5 Rxe5 16. Nf3 Re7 17. Rfd1 c6 18. c4 Qb6 19. cxd5 Nxd5 20. Rac1 Rae8 21. Nd4 Re4 22. Nb3 f5 23.
Qc2 Nb4 24. Qb1 Nd5 25. Nc5 R4e7 26. Qc2 Qc7 27. Qb3 b6 28. Na6 Qb7 29. Nb4 Rd7 30. Rxc6 a5 31. Rxd5 Rxd5 32. Nxd5 a4 33.
Nf6+ Kh8 34. Qc3 Rd8 35. Nd7+ Kg8 36. Qc4+ Kg7 37. Qd4+ Kf7 38. Qf6+ 1-0

[Event "Kwalificatie NJK A Groningen"]
[Site "Hoogkerk, Netherlands"]
[Date "2023.02.18"]
[Round "3.8"]
[White "Alvares, Thomas"]
[Black "Visser, Berend"]
[Result "1-0"]
[TimeControl "55 min. + 10 sec./zet"]
[WhiteElo "1855"]
[BlackElo "1525"]

1. e4 c5 2. Nf3 Nc6 3. d4 cxd4 4. Nxd4 g6 5. c4 Bg7 6. Be3 Nf6 7. Nc3 Ng4 8. Qxg4 Nxd4 9. Qd1 Ne6 10.
Qd2 h6 11. Be2 b6 12. O-O Ba6 13. Rac1 Rc8 14. b3 Qc7 15. Rfd1 Nc5 16. f3 g5 17. Nd5 Qe5 18. b4 Ne6 19.
b5 Bb7 20. Nxb6 axb6 21. Qxd7+ Kf8 22. Qxb7 Rb8 23. Qc6 Qb2 24. Bf1 Qxa2 25. Bxb6 Qb2 26. Bc5 Nd4 27. Qd5 Ne6 28. e5 Bxe5 29. Rb1 Qc3 30. Rd3 Nf4 31.
Rxc3 Nxd5 32. Rd3 Nf4 33. Rd7 Bf6 34. Rbd1 Ne6 35. Ba7 Rc8 36. b6 Nc5 37. Rc7 Kg7 38. Rd5 Rxc7 39. bxc7 Ne6 40.
Bb6 Rc8 41. Rd8 Nxd8 42. cxd8=Q Rxd8 43. Bxd8 Bd4+ 44. Kh1 e5 45. Bd3 Kf8 46. g3 Ke8 47. Ba5 Kd7 48. Kg2 Ke6 49.
g4 Kd6 50. Bb4+ Ke6 51. Bf5+ Kf6 52. c5 h5 53. c6 Bb6 54. Bd6 hxg4 55. fxg4 Kg7 56. c7 Bxc7 57. Bxc7 f6 58. h4 gxh4 59.
Kh3 Kh6 60. Kxh4 Kg7 61. Kh5 Kf7 62. Kh6 Kf8 63. Bxe5 fxe5 64. Kh7 Ke7 65. g5 Kf7 66. g6+ Kf6 67. g7 Kxf5 68. g8=Q Ke4 69. Qg1 Kd3 70. Qe1 e4 71. Kg6 e3 72. Kf5 1-0

[Event "Kwalificatie NJK A Groningen"]
[Site "Hoogkerk, Netherlands"]
[Date "2023.02.18"]
[Round "3.9"]
[White "Van Lieshout, Tobias"]
[Black "Den Heijer, Rolinde"]
[Result "0-1"]
[TimeControl "55 min. + 10 sec./zet"]
[WhiteElo "1128"]
[BlackElo "1831"]

1. e4 c5 2. Nf3 d6 3. Bc4 Nc6 4. c3 Nf6 5. d3 g6 6. Bf4 Bg7 7. Nbd2 O-O 8. d4 cxd4 9. cxd4 Nxe4 10.
Nxe4 d5 11. Bxd5 Qxd5 12. Neg5 h6 13. Nh3 Nxd4 14. Nxd4 Bxh3 15. Rg1 Bxg2 16. f3 Qxd4 17. Qxd4 Bxd4 18. Rxg2 Kg7 19. Rd1 Rfd8 20.
Rgd2 Bb6 21. Rd7 Ba5+ 22. Kf1 g5 23. Be3 Rac8 24. Bxa7 Rxd7 25. Rxd7 Rc7 26. Rd5 Bb4 27. Re5 Bd6 28.
Bd4 Kg6 29. Re2 Kf5 30. Bg7 f6 31. Bxh6 Kg6 32. Bf8 Kf7 33. Bh6 Rc4 34. Rg2 Kg6 35. Bf8 Rc8 36. Bxe7 Bxe7 37. h4 Rc1+ 0-1